 Dungeon Crawl Stone Soup version 0.25-a0-474-ga8a2ee3166 (webtiles) character file.

Game seed: 7537228738518299758, levelgen mode: deterministic

234 MirrMurr the Sneak (level 5, -2/24 HPs)
             Began as a Spriggan Enchanter on Feb 7, 2020.
             Slain by an elf zombie (6 damage)
             ... in an ossuary.
             The game lasted 00:07:47 (4019 turns).

MirrMurr the Sneak (Spriggan Enchanter)             Turns: 4019, Time: 00:07:48

Health: -2/24      AC:  2    Str:  5    XL:     5   Next: 75%
Magic:  3/10       EV: 18    Int: 16    God:
Gold:   121        SH:  0    Dex: 17    Spells: 1/9 levels left

rFire    . . .     SeeInvis +   a - +1 dagger
rCold    . . .     Gourm    .   (shield restricted)
rNeg     . . .     Faith    .   b - +0 robe
rPois    .         Spirit   .   (helmet restricted)
rElec    .         Reflect  .   (no cloak)
rCorr    .         Harm     .   (gloves unavailable)
MR       .....                  (boots unavailable)
Stlth    ++++......             (no amulet)
HPRegen  0.08/turn              (no ring)
MPRegen  0.12/turn              (no ring)

@: confusing touch, very quick
A: very small, unfitting armour, see invisible, herbivore, speed 3, slow
metabolism 2
a: no special abilities


You were in an ossuary.
You were not hungry.

You visited 2 branches of the dungeon, and saw 5 of its levels.
You also visited: Ossuary.

You collected 121 gold pieces.

Inventory:

Hand Weapons
 a - a +1 dagger (weapon)
Missiles
 d - 15 poisoned darts
 i - 8 silver boomerangs (quivered)
 k - 165 stones
 o - 39 sling bullets
 q - 2 boomerangs
Armour
 b - a +0 robe (worn)
Jewellery
 s - an uncursed amulet of magic regeneration {unknown}
Wands
 v - a wand of polymorph (5)
Scrolls
 e - 2 scrolls of fear {unknown}
 h - a scroll of teleportation {unknown}
 l - a scroll of enchant armour {unknown}
 n - 2 scrolls of magic mapping {unknown}
 p - 2 scrolls of identify {unknown}
 r - a scroll of noise {unknown}
 u - a scroll of remove curse {unknown}
 w - a scroll of vulnerability {unknown}
Potions
 f - 2 potions of lignification {unknown}
 g - a potion of degeneration {unknown}
 j - 2 potions of cancellation {unknown}
 m - 2 potions of heal wounds {unknown}
 t - 2 potions of curing
Comestibles
 c - 2 rations


   Skills:
 + Level 4.5 Short Blades
 - Level 3.0 Dodging
 + Level 7.8 Stealth
 - Level 2.6 Spellcasting
 - Level 3.6 Hexes


You had one spell level left.
You knew the following spells:

 Your Spells              Type           Power        Failure   Level  Hunger
a - Ensorcelled Hibernat  Hex/Ice        #.....       14%         2    ##.....
b - Confusing Touch       Hex            ##......     13%         3    ###....
c - Tukima's Dance        Hex            ##......     13%         3    ###....

Your spell library contained the following spells:

 Spells                   Type           Power        Failure   Level  Hunger
 Corona                   Hex            ##.....      4%          1    #......
 Dazzling Flash           Conj/Hex       #.....       28%         3    ###....


Dungeon Overview and Level Annotations

Branches:
Dungeon (6/15)             Temple (1/1) D:6         Ossuary (1/1)

Altars:
Cheibriados
Elyvilon
Fedhas
Hepliaklqana
Kikubaaqudgha
Makhleb
Nemelex Xobeh
Qazlal
Ru
Sif Muna
Uskayaw
Wu Jian
Xom
Yredelemnul


Innate Abilities, Weirdness & Mutations

You are very small and have problems with some larger weapons.
You are too small for most types of armour.
You have supernaturally acute eyesight. (SInv)
You are a herbivore.
You cover ground extremely quickly.
You need to consume almost no food.


Message History

You destroy the jackal zombie!
The adder zombie closely misses you.
You closely miss the elf zombie.
The elf zombie is lightly damaged.
Casting: Confusing Touch (safe; 13% risk of failure)
Confirm with . or Enter, or press ? or * to list all spells.
Your hands begin to glow red.
The adder zombie bites you. The elf zombie hits you.
The adder zombie bites you but does no damage.
You barely miss the elf zombie.
The elf zombie is lightly damaged.
The elf zombie hits you.
* * * LOW HITPOINT WARNING * * *
You closely miss the elf zombie.
The elf zombie is lightly damaged.
The adder zombie misses you.
You hit the elf zombie but do no damage.
The elf zombie is lightly damaged.
The adder zombie closely misses you. The elf zombie hits you.
You die...

.....# #...# #..#
+..# ##..#
####...#
..########......#
.........Z......#
....∩..∩@Z......#
#################


You could see an adder zombie and an elf zombie.

Vanquished Creatures
  A bullfrog (D:6)
  2 jellies (D:6)
  A hound skeleton (D:6)
  An ooze (D:2)
  2 worms (D:2)
  5 dart slugs
  A leopard gecko (D:1)
  4 orcs
  2 ball pythons
  3 giant cockroaches
  7 goblins
  11 hobgoblins
  9 jackals
  A quokka (D:3)
  5 bats
  3 frilled lizards
  A goblin zombie (Ossuary)
  A jackal zombie (Ossuary)
  4 kobolds
  2 kobold zombies (Ossuary)
  5 rats
71 creatures vanquished.

Notes
Turn   | Place    | Note
-------+----------+-------------------------------------------
     0 | D:1      | MirrMurr the Spriggan Enchanter began the quest for the
                  | Orb.
     0 | D:1      | Reached XP level 1. HP: 9/9 MP: 5/5
    47 | D:1      | Reached skill level 5 in Stealth
    47 | D:1      | Reached XP level 2. HP: 7/13 MP: 6/6
    62 | D:1      | Learned a level 2 spell: Ensorcelled Hibernation
   962 | D:1      | Reached XP level 3. HP: 9/16 MP: 8/8
   967 | D:1      | Learned a level 3 spell: Confusing Touch
  1618 | D:2      | Reached skill level 6 in Stealth
  2721 | D:2      | Reached XP level 4. HP: 21/21 MP: 6/9
  2856 | D:3      | Learned a level 1 spell: Corona
  2887 | D:2      | Learned a level 3 spell: Tukima's Dance
  3188 | D:3      | Found a shimmering blue altar of Sif Muna.
  3616 | D:3      | You fall into a shaft and drop 3 floors!
  3765 | D:6      | Reached skill level 7 in Stealth
  3765 | D:6      | Reached XP level 5. HP: 19/24 MP: 10/10
  3778 | D:6      | Found a staircase to the Ecumenical Temple.
  3785 | Temple   | Entered the Ecumenical Temple
  3859 | D:6      | Found a sand-covered staircase.
  3876 | Ossuary  | Entered an ossuary
  4019 | Ossuary  | Slain by an elf zombie

Levels and vault maps discovered:
D:1:      shiori_shiawase, layout_loops_ring
D:2:      layout_rooms, first_ration, guppyfry_early_orc_mine
D:3:      layout_basic, led_sif_pool
D:6:      layout_basic, kennysheep_little_box, minmay_temple_entry_hall,
          lightli_ossuary_entry_decrepit_ruins
Temple:   eino_temple_lava
Ossuary:  minmay_ossuary_two_tombs

Skill      XL: |  1  2  3  4  5 |
---------------+----------------+-----
Stealth        | 5 6 7 |  7.8
Short Blades   | 2 3 4 |  4.5
Dodging        | |  3.0
Spellcasting   | |  2.6
Hexes          | |  3.6

Action                   |  1- 3 |  4- 6 || total
-------------------------+-------+-------++-------
Melee: Dagger            |   219 |   139 ||   358
 Cast: Corona            |     2 |       ||     2
       Ensorcelled Hiber |    16 |     8 ||    24
       Confusing Touch   |       |     3 ||     3
  Use: Scroll            |     1 |     1 ||     2
       Potion            |       |     1 ||     1
 Stab: Sleeping          |    14 |    12 ||    26
       Confused          |       |     1 ||     1
  Eat: Ration            |     1 |     1 ||     2
Armor: Robe              |    30 |    12 ||    42
Dodge: Dodged            |   166 |   108 ||   274

Table legend:
 A = Non-vault XP
 B = Vault XP
 C = Vault XP percentage of total XP
 D = Non-vault monster count
 E = Vault monster count
 F = Vault count percentage of total count
                 A         B        C        D         E       F
            +---------+---------+-------+---------+---------+-------
      Total |     314 |      21 |   6.3 |      60 |      11 |  15.5
            +---------+---------+-------+---------+---------+-------
        D:1 |      43 |       0 |   0.0 |      21 |       0 |   0.0
        D:2 |      40 |      17 |  29.8 |      17 |       7 |  29.2
        D:3 |      28 |       0 |   0.0 |      15 |       0 |   0.0
        D:6 |     203 |       0 |   0.0 |       7 |       0 |   0.0
    Ossuary |       0 |       4 | 100.0 |       0 |       4 | 100.0
            +---------+---------+-------+---------+---------+-------
